 Dungeon Crawl Stone Soup version 0.30.1-9-gdf580d7c3d (webtiles) character file.

Game seed: 3786848193327048351

7091 lonewolfV2 the Cleaver (level 11, -6/95 HPs)
             Began as a Hill Orc Fighter on Sept 26, 2023.
             Was an Initiate of Beogh.
             Mangled by a large abomination (27 damage)
             ... on level 1 of the Abyss.
             The game lasted 00:15:34 (10093 turns).

lonewolfV2 the Cleaver (Hill Orc Fighter)          Turns: 10093, Time: 00:15:35

Health: -6/95      AC: 13    Str: 24    XL:     11   Next: 9%
Magic:  11/11      EV: 10    Int:  6    God:    Beogh [......]
Gold:   440        SH: 10    Dex:  8    Spells: 10/10 levels left

rFire   + . .        a - +0 war axe (drain)
rCold   . . .        c - +0 buckler
rNeg    . . .        q - +1 scale mail {rF+}
rPois   .            (no helmet)
rElec   .            (no cloak)
rCorr   +            (no gloves)
SInv    .            (no boots)
Will    .....        x - amulet of reflection Stlth
                     B - +4 ring of protection
HPRegen 0.00/turn    l - ring of resist corrosion
MPRegen 0.12/turn

%: reflection
@: sick
A: clumsy 1, dopey 1
a: Renounce Religion


You were on level 1 of the Abyss.
You worshipped Beogh.
Beogh was noncommittal.
You visited 1 branch of the dungeon, and saw 10 of its levels.
You visited the Abyss 1 time.

You collected 440 gold pieces.

Inventory:

Hand Weapons
 a - a +0 war axe of draining (weapon)
Missiles
 p - 4 throwing nets (quivered)
Armour
 b - a +0 scale mail
 c - a +0 buckler (worn)
 q - a +1 scale mail of fire resistance (worn)
Jewellery
 k - a ring of wizardry
 l - a ring of resist corrosion (right hand)
 x - an amulet of reflection (around neck)
 B - a +4 ring of protection (left hand)
Wands
 n - a wand of flame (29)
 o - a wand of roots (9)
 E - a wand of mindburst (10)
Scrolls
 h - 2 scrolls of fear
 i - 2 scrolls of torment
 m - 2 scrolls of magic mapping
 u - a scroll of blinking
 w - a scroll of butterflies
 y - 3 scrolls of identify
 C - a scroll of vulnerability
Potions
 d - a potion of invisibility
 g - 2 potions of curing
 j - a potion of brilliance
 r - 2 potions of lignification
 s - a potion of degeneration
 t - a potion of magic
 z - a potion of attraction
 A - 3 potions of mutation
 D - a potion of flight {unknown}


   Skills:
 + Level 8.6 Fighting
 + Level 13.9 Axes
 + Level 9.6 Armour
 + Level 3.6 Dodging
 + Level 1.0 Stealth
 + Level 7.2 Shields


You had 10 spell levels left.
You didn't know any spells.
Your spell library contained the following spells:

 Spells                   Type           Power      Damage    Failure   Level
 Apportation              Tloc           0%         N/A       77%         1
 Freeze                   Ice            0%         1d3       77%         1
 Poisonous Vapours        Pois/Air       0%         N/A       88%         2
 Frozen Ramparts          Ice            0%         1d1       98%         3
 Hailstorm                Conj/Ice       0%         3d3       98%         3
 Mephitic Cloud           Conj/Pois/Air  0%         N/A       98%         3
 Stone Arrow              Conj/Erth      0%         3d7       98%         3
 Animate Armour           Summ/Erth      0%         N/A       100%        4
 Summon Forest            Summ/Tloc      0%         N/A       100%        5
 Summon Mana Viper        Hex/Summ       0%         N/A       100%        5
 Summon Cactus Giant      Summ           0%         N/A       100%        6
 Lehudib's Crystal Spear  Conj/Erth      0%         10d2      100%        8


Dungeon Overview and Level Annotations

Branches:
Dungeon (10/15)            Temple (0/1) D:6
   Lair: D:8-11         Orc: D:9-12

Altars:
Cheibriados
Hepliaklqana
Kikubaaqudgha
Okawaru
Ru
Trog
Vehumet
Xom

Shops:
D:6 =

Annotations:
D:10 Erolcha


Innate Abilities, Weirdness & Mutations

You are clumsy. (Dex -2)
You are dopey. (Int -2)


Message History

You hit the large abomination.
The large abomination is lightly damaged.
You slash the ancient zyme! The large abomination hits you!!
You block the ancient zyme's attack.
The ancient zyme hits you but does no damage.
The ynoxinul gestures.
You hit the large abomination.
The large abomination is moderately damaged.
You hit the ancient zyme.
The ynoxinul gestures.
The ancient zyme barely misses you. x2
You slash the large abomination!
The large abomination is heavily damaged.
You completely miss the ancient zyme. The large abomination hits you!!
You barely miss the large abomination.
The large abomination is heavily damaged.
You hit the ancient zyme.
The ynoxinul gestures.
The ancient zyme hits you but does no damage.
You block the ancient zyme's attack.
The large abomination barely misses you.
The ancient zyme closely misses you. The ancient zyme hits you.
The ancient zyme hits you but does no damage.
You block the ancient zyme's attack. The large abomination hits you!
* * * LOW HITPOINT WARNING * * *
The ancient zyme hits you but does no damage. x2
You hit the large abomination but do no damage.
The large abomination is heavily damaged.
You hit the ancient zyme.
The ancient zyme hits you but does no damage.
You block the ancient zyme's attack.
You slash the large abomination!
The large abomination is severely damaged.
You hit the ufetubus but do no damage. You barely miss the ancient zyme.
You block the ufetubus's attack.
The ufetubus hits you but does no damage.
The ancient zyme hits you.
* * * LOW HITPOINT WARNING * * *
You block the ancient zyme's attack. The large abomination hits you!!
You die...

## . #.. .. #.#
.. # #.# ...#
###.##5##5....
#.#...@X3x5....
.#####x#55....
## ## #. . ..#
##### ###.
#.#####.#.##.#
. #. .#.... ..#
..# #
..#.#..#.#..#
.. ...
#..#.##.#..# #
# #... .#.#..#
. #. .#..#.. #
#. #


You could see an ancient zyme, a large abomination, a ynoxinul, a small
abomination and 5 ufetubi.

Vanquished Creatures
  A two-headed ogre (D:9)
  A deep elf pyromancer (D:8)
  A hornet (D:10)
  Prince Ribbit (D:6)
  A wraith (D:9)
  6 yaks (D:8)
  Eustachio (D:6)
  4 vampire mosquitoes (D:10)
  9 steam dragons
  A neqoxec (Abyss:1)
  An acid dragon (D:10)
  2 water moccasins
  3 orc warriors (D:9)
  A black bear (D:6)
  2 sky beasts
  3 ice beasts (D:6)
  2 centaurs
  3 phantoms (D:5)
  A kobold brigand (D:9)
  A gnoll sergeant (D:8)
  2 scorpions
  2 howler monkeys (D:8)
  9 hounds
  2 jellies
  5 iguanas
  An orc wizard (D:9)
  2 sleepcaps
  5 gnolls (D:8)
  15 adders
  A shadow imp (D:7)
  2 white imps
  4 ufetubi
  A worm (D:2)
  A dart slug (D:4)
  14 orcs
  6 endoplasms
  3 giant cockroaches
  4 goblins
  11 hobgoblins
  3 jackals (D:4)
  5 quokkas
  7 ball pythons
  3 bats (D:2)
  2 frilled lizards
  15 kobolds
  2 rats
  A starspawn tentacle (Abyss:1)
173 creatures vanquished.

Vanquished Creatures (others)
  A lurking horror (Abyss:1)
  4 starspawn tentacles (Abyss:1)
5 creatures vanquished.

Grand Total: 178 creatures vanquished

Notes
Turn   | Place    | Note
-------+----------+-------------------------------------------
     0 | D:1      | lonewolfV2 the Hill Orc Fighter began the quest for the
                  | Orb.
     0 | D:1      | Reached XP level 1. HP: 19/19 MP: 1/1
   193 | D:1      | Reached XP level 2. HP: 27/27 MP: 2/2
   581 | D:1      | You fall into a shaft and drop 1 floor!
   594 | D:2      | Reached skill level 3 in Axes
   673 | D:2      | Reached XP level 3. HP: 21/33 MP: 3/3
  1274 | D:2      | Reached XP level 4. HP: 41/41 MP: 4/4
  1660 | D:3      | Reached skill level 4 in Axes
  1679 | D:3      | Reached XP level 5. HP: 47/47 MP: 5/5
  1680 | D:3      | Got Sif Muna's Directory of Poisonous Geometries
  2359 | D:4      | Found a bloodstained altar of Trog.
  2617 | D:4      | Reached skill level 5 in Axes
  2645 | D:4      | Reached XP level 6. HP: 36/55 MP: 6/6
  2660 | D:4      | Reached skill level 5 in Fighting
  2968 | D:4      | Reached skill level 1 in Dodging
  3153 | D:4      | Reached skill level 6 in Axes
  3153 | D:4      | Reached XP level 7. HP: 57/61 MP: 7/7
  3295 | D:5      | Entered Level 5 of the Dungeon
  3331 | D:5      | Reached skill level 7 in Axes
  3331 | D:5      | Reached skill level 5 in Armour
  3508 | D:5      | Reached XP level 8. HP: 64/69 MP: 8/8
  3610 | D:5      | Reached skill level 8 in Axes
  4270 | D:6      | Found Nydavupp's Jewellery Shop.
  4834 | D:6      | Reached skill level 9 in Axes
  4835 | D:6      | Noticed Prince Ribbit
  4885 | D:6      | Killed Prince Ribbit
  5109 | D:6      | Found a sacrificial altar of Ru.
  5122 | D:6      | Reached XP level 9. HP: 76/78 MP: 9/9
  5142 | D:6      | Noticed Eustachio
  5171 | D:6      | Reached skill level 5 in Shields
  5185 | D:6      | Killed Eustachio
  5220 | D:6      | Found a staircase to the Ecumenical Temple.
  5363 | D:6      | Found a radiant altar of Vehumet.
  5681 | D:7      | Found a hazy altar of Hepliaklqana.
  5681 | D:7      | Found an ancient bone altar of Kikubaaqudgha.
  5698 | D:7      | Reached skill level 10 in Axes
  6342 | D:7      | Found an iron altar of Okawaru.
  6342 | D:7      | Found a shimmering altar of Xom.
  6607 | D:7      | Reached skill level 11 in Axes
  7200 | D:8      | Noticed a deep elf pyromancer
  7226 | D:8      | Killed a deep elf pyromancer
  7227 | D:8      | Reached XP level 10. HP: 23/88 MP: 10/10
  8115 | D:8      | Reached skill level 12 in Axes
  8540 | D:9      | Reached skill level 1 in Stealth
  8599 | D:9      | Identified the +0 leather armour of Niviciod {Rampage rN+
                  | Str-2 Dex+3 SInv}
  8707 | D:9      | Noticed a two-headed ogre
  8715 | D:9      | Killed a two-headed ogre
  8716 | D:9      | Reached skill level 13 in Axes
  8840 | D:9      | Became a worshipper of Beogh the Brigand
  9057 | D:9      | Found a snail-covered altar of Cheibriados.
  9263 | D:10     | Entered Level 10 of the Dungeon
  9289 | D:10     | Reached XP level 11. HP: 35/95 MP: 11/11
  9719 | D:10     | Noticed Erolcha
  9742 | Abyss:1  | Cast into level 1 of the Abyss (Erolcha)
  9876 | Abyss:1  | Noticed a tentacled starspawn
 10050 | Abyss:1  | Found a corrupted altar of Lugonu.
 10078 | Abyss:1  | Gained mutation: You are dopey. (Int -2) [a neqoxec]
 10079 | Abyss:1  | Gained mutation: You are clumsy. (Dex -2) [a neqoxec]
 10093 | Abyss:1  | Mangled by a large abomination

Illustrated notes

Levels and vault maps discovered:
D:1:      minmay_arrival_four_houses, layout_basic, kennysheep_minor_cross
D:2:      layout_basic
D:3:      minmay_inner_zag, layout_rooms, chequers_serial_rivers_micro_b
D:4:      layout_gridville, trog_hazing_becter, chequers_serial_rivers_marsh,
          kennysheep_nondescript, minmay_misc_feat_diagonals
D:5:      layout_rooms, portal_sewer_entry_d
D:6:      layout_loops_ring, vehumet_altar_wand_db,
          nicolae_ru_sacrificial_ziggurat, minmay_temple_entry_glass,
          serial_shops, shop, uniq_eustachio, uniq_prince_ribbit1
D:7:      cheibrodos_steamvent, layout_layer_cave,
          amethyst_overflow_temple_binary, gammafunk_temple_overflow_wave
D:8:      layout_gridville
D:9:      kennysheep_steamy, layout_long_grid, lemuel_doored_altar
D:10:     layout_roguey, grunt_dithmenos_smoke, demons_altar, dpeg_oklobed_lair,
          wad_floor_pattern_2, uniq_erolcha, uniq_gastronok, uniq_snorg
Abyss:1:  base:
D:1

Skill      XL: |  1  2  3  4  5  6  7  8  9 10 |
---------------+-------------------------------+-----
Fighting       | 4 5 6 7 8 |  8.6
Axes           | 3 4 5 6 7 9 11 13 | 13.9
Armour         | 4 5 7 8 9 |  9.6
Shields        | 4 5 7 |  7.2
Dodging        | 1 2 3 |  3.6
Stealth        | 1 |  1.0

Action                     |  1- 3 |  4- 6 |  7- 9 | 10-12 || total
---------------------------+-------+-------+-------+-------++-------
  Melee: War axe           |    77 |   180 |   263 |   193 ||   713
 Invoke: Convert to Beogh  |       |       |       |     1 ||     1
    Use: Scroll            |       |    10 |    10 |     2 ||    22
         Potion            |       |       |     5 |     7 ||    12
 Armour: Scale mail        |    51 |   115 |   144 |    89 ||   399
  Dodge: Dodged            |    47 |   129 |   149 |    88 ||   413
  Block: Buckler           |    23 |    53 |    66 |   120 ||   262
         Reflection        |       |       |       |     2 ||     2
